 Dungeon Crawl Stone Soup version 0.30.1-4-g462c640d31 (webtiles) character file.

Game seed: 9869833164102331825

32 spardeous the Conjurer (level 2, -3/20 HPs)
             Began as a Demigod Conjurer on Aug 15, 2023.
             Slain by a sleepcap (13 damage)
             ... on level 2 of the Dungeon.
             The game lasted 00:01:20 (1342 turns).

spardeous the Conjurer (Demigod Conjurer)           Turns: 1342, Time: 00:01:20

Health: -3/20      AC:  6    Str:  8    XL:     2   Next: 93%
Magic:  0/8        EV:  2    Int: 20    God:
Gold:   108        SH:  0    Dex: 12    Spells: 2/5 levels left

rFire   . . .        c - +1 dagger (holy)
rCold   . . .        (no shield)
rNeg    . . .        h - +0 ring mail
rPois   .            (no helmet)
rElec   .            l - +0 cloak
rCorr   .            (no gloves)
SInv    .            (no boots)
Will    .....        (no amulet)
Stlth   +            (no ring)
HPRegen 0.23/turn    (no ring)
MPRegen 0.11/turn

%: no passive effects
@: sleeping
A: high MP 1, forlorn, divine attributes
a: no special abilities


You were on level 2 of the Dungeon.
You visited 1 branch of the dungeon, and saw 2 of its levels.

You collected 108 gold pieces.

Inventory:

Hand Weapons
 c - a +1 dagger of holy wrath (weapon)
Armour
 a - a +0 robe
 h - a +0 ring mail (worn)
 l - a +0 cloak (worn)
Scrolls
 d - a scroll of fear
 e - a scroll of identify {unknown}
 g - a scroll of blinking {unknown}
 j - a scroll of poison {unknown}
 k - 3 scrolls of teleportation {unknown}
 m - a scroll of amnesia {unknown}
 n - a scroll of noise {unknown}
Potions
 b - a potion of magic
 f - a potion of heal wounds {unknown}
 i - a potion of ambrosia {unknown}


   Skills:
 - Level 1.7 Dodging
 - Level 1.7 Stealth
 + Level 2.4 Spellcasting
 + Level 4.1 Conjurations


You had 2 spell levels left.
You knew the following spells:

 Your Spells              Type           Power      Damage    Failure   Level
a - Magic Dart            Conj           76%        1d6       9%          1
b - Searing Ray           Conj           38%        2d5       13%         2

Your spell library contained the following spells:

 Spells                   Type           Power      Damage    Failure   Level
 Dazzling Flash           Conj/Hex       20%        N/A       52%         3
 Stone Arrow              Conj/Erth      20%        3d8       52%         3
 Fulminant Prism          Conj/Hex       5%         3d7       89%         4
 Iskenderun's Mystic Bla  Conj/Tloc      10%        2d4       89%         4
 Animate Armour           Summ/Erth      4%         N/A       99%         4
 Lehudib's Crystal Spear  Conj/Erth      5%         10d3      100%        8


Dungeon Overview and Level Annotations

Branches:
Dungeon (2/15)

Annotations:
D:1 Terence


Innate Abilities, Weirdness & Mutations

You have an increased reservoir of magic. (+10% MP)
You shall have no god before yourself.
Your divine heritage dramatically boosts your attributes as you level up.


Message History

Press: ? - help, Shift-Dir - straight line, f/p - sleepcap
Aim: a sleepcap (heavily damaged, 100% to hit)
The magic dart hits the sleepcap.
The sleepcap is heavily damaged.
The sleepcap releases spores at you but does no damage.
You take 7 damage, and have 13/20 hp.
MASSIVE DAMAGE!!
You now have 1/8 mp.
Unknown command.
Casting: Magic Dart (safe; 9% risk of failure)
Confirm with . or Enter, or press ? or * to list all spells.
You don't have enough magic to cast this spell.
Unknown command.
Unknown command.
You hit the sleepcap but do no damage.
The sleepcap is heavily damaged.
The sleepcap closely misses you.
You hit the sleepcap but do no damage.
The sleepcap is heavily damaged.
The sleepcap barely misses you.
Unknown command.
You hit the sleepcap but do no damage.
The sleepcap is heavily damaged.
The sleepcap closely misses you.
Casting: Magic Dart (safe; 9% risk of failure)
Confirm with . or Enter, or press ? or * to list all spells.
Aiming: Searing Ray (safe; 13% risk of failure)
Press: ? - help, Shift-Dir - straight line, f/p - sleepcap
Aim: a sleepcap (heavily damaged, 100% to hit)
The searing ray hits the sleepcap.
The sleepcap is severely damaged. (Press . to maintain the ray.)
The sleepcap releases spores at you but does no damage.
You now have 0/8 mp.
Without enough magic to sustain it, your searing ray dissipates.
The sleepcap releases spores at you but does no damage.
The sleepcap releases spores at you.
You are engulfed in a cloud of soporific spores!
You fall asleep.
The sleepcap releases spores at you!
Ouch! That really hurt!
You die...

... .. ##.. .. ..... ..
?.... #. ...... .# ..
......##. ##.. #.....# ....
..#. #f# .# .. ..##
....###@###.#...
...........##......#.#... #
#........#.....|.†.....
###..................#...
..........#..........#
..........#..........# .
........#............###...
.........................#
........####.........#####


You could see a sleepcap.

Vanquished Creatures
  3 bats (D:1)
  3 endoplasms
  A giant cockroach (D:1)
  3 goblins
  4 hobgoblins
  5 kobolds
  2 quokkas (D:1)
  3 ball pythons
  A frilled lizard (D:1)
  2 rats
27 creatures vanquished.

Notes
Turn   | Place    | Note
-------+----------+-------------------------------------------
     0 | D:1      | spardeous the Demigod Conjurer began the quest for the Orb.
     0 | D:1      | Reached XP level 1. HP: 14/14 MP: 5/5
   262 | D:1      | Reached XP level 2. HP: 20/20 MP: 4/7
   546 | D:1      | Reached skill level 4 in Conjurations
  1071 | D:2      | Noticed Terence
  1103 | D:1      | Learned a level 2 spell: Searing Ray
  1342 | D:2      | Slain by a sleepcap

Illustrated notes

Levels and vault maps discovered:
D:1:      tarquinn_simple_flora_water_b, layout_basic,
          shapermc_ecumenical_altar_gd, minmay_ruptured
D:2:      layout_rooms, basic_altar, uniq_natasha, uniq_terence

Skill      XL: |  1  2 |
---------------+-------+-----
Spellcasting   | 2 |  2.4
Conjurations   | 4 |  4.1
Dodging        | |  1.7
Stealth        | |  1.7

Action                     || total
---------------------------++-------
  Melee: Dagger            ||     8
   Cast: Magic Dart        ||    65
         Searing Ray       ||     1
    Use: Scroll            ||     1
 Armour: Robe              ||     2
         Ring mail         ||     9
  Dodge: Dodged            ||    15
